 Dungeon Crawl Stone Soup version 0.24-a0-516-g9de272bb65 (webtiles) character file.

Game seed: 14699791831297100691

121 Greboboi the Skirmisher (level 4, 0/41 HPs)
             Began as a Minotaur Fighter on July 22, 2019.
             Slain by a gnoll
             ... wielding a +0 halberd
              (3 damage)
             ... on level 3 of the Dungeon.
             The game lasted 00:03:21 (1616 turns).

Greboboi the Skirmisher (Minotaur Fighter)          Turns: 1616, Time: 00:03:22

Health: 0/41       AC:  7    Str: 21    XL:     4   Next: 77%
Magic:  3/3        EV:  8    Int:  5    God:
Gold:   70         SH:  9    Dex: 10    Spells: 3/3 levels left

rFire    . . .     SeeInvis .   a - +0 flail
rCold    . . .     Gourm    .   c - +0 shield
rNeg     . . .     Faith    .   b - +0 scale mail
rPois    .         Spirit   .   (helmet restricted)
rElec    .         Reflect  .   (no cloak)
rCorr    .         Harm     .   (no gloves)
MR       .....                  (no boots)
Stlth    ..........             (no amulet)
HPRegen  0.13/turn              (no ring)
MPRegen  0.08/turn              (no ring)

@: lethally poisoned (0 -> -5)
A: retaliatory headbutt, horns 2
a: no special abilities


You were on level 3 of the Dungeon.
You were not hungry.

You visited 1 branch of the dungeon, and saw 3 of its levels.

You collected 70 gold pieces.

Inventory:

Hand Weapons
 a - a +0 flail (weapon)
Armour
 b - a +0 scale mail (worn)
 c - a +0 shield (worn)
 f - a cursed +0 robe
Jewellery
 h - a +3 ring of evasion {unknown}
Scrolls
 g - 3 scrolls of magic mapping {unknown}
 j - 2 scrolls of identify {unknown}
 l - a scroll of fog {unknown}
Potions
 d - a potion of might
 e - a potion of agility {unknown}
 m - a potion of haste {unknown}
Comestibles
 i - 5 chunks of flesh
 k - 3 rations


   Skills:
 + Level 4.4 Fighting
 + Level 3.6 Maces & Flails
 + Level 4.2 Armour
 * Level 1.7 Dodging
 + Level 4.4 Shields


You had 3 spell levels left.
You didn't know any spells.
Your spell library was empty.

Dungeon Overview and Level Annotations

Branches:
Dungeon (3/15)

Altars:
Nemelex Xobeh


Innate Abilities, Weirdness & Mutations

You reflexively headbutt those who attack you in melee.
You have a pair of horns on your head.


Message History

You see here a goblin corpse.
You sock the gnoll!
You kill the gnoll!
The gnoll hits you with a +0 spear of venom.
* * * LOW HITPOINT WARNING * * *
You are lethally poisoned!
The gnoll misses you.
* * * LOW HITPOINT WARNING * * *
You feel sick. You block the gnoll's attack. The gnoll completely misses you.
Things that are here:
a +0 halberd; a gnoll corpse You hit the gnoll.
The gnoll is moderately wounded.
* * * LOW HITPOINT WARNING * * *
You feel sick. You block the gnoll's attack. The gnoll barely misses you. x2
You closely miss the gnoll.
The gnoll is moderately wounded.
* * * LOW HITPOINT WARNING * * *
You feel sick. The gnoll hits you with a +0 halberd.
You die...

#.#####. #.#.....
#...###' ###### ###.#
#. #..... #####.###.
#..... ...#†###_
#.....##########.#.###.
#.....g.!..........# #.
#....g@†).....<....# #+
#....[###########......
#..... #.....# #.....
####### ######


You could see 2 gnolls.

Vanquished Creatures
  2 gnolls (D:3)
  3 adders
  An ooze (D:1)
  A worm (D:2)
  6 dart slugs
  3 leopard geckos
  4 giant cockroaches
  7 goblins
  6 hobgoblins
  4 jackals (D:1)
  2 kobolds (D:1)
  2 quokkas
  6 bats
  3 frilled lizards
  3 rats (D:1)
53 creatures vanquished.

Notes
Turn   | Place    | Note
-------+----------+-------------------------------------------
     0 | D:1      | Greboboi the Minotaur Fighter began the quest for the Orb.
     0 | D:1      | Reached XP level 1. HP: 19/19 MP: 0/0
    98 | D:1      | Reached XP level 2. HP: 21/27 MP: 1/1
   533 | D:1      | Reached skill level 1 in Dodging
   644 | D:1      | Reached XP level 3. HP: 28/33 MP: 2/2
  1266 | D:2      | Reached XP level 4. HP: 37/40 MP: 3/3
  1561 | D:3      | Found a sparkling altar of Nemelex Xobeh.
  1616 | D:3      | Slain by a gnoll

Levels and vault maps discovered:
D:1:      wheals_arrival_shading, layout_basic
D:2:      layout_rooms, first_ration
D:3:      layout_rooms, lemuel_doored_altar, minivault_24, dk_noncrumbling_3

Skill      XL: |  1  2  3 |
---------------+----------+-----
Fighting       | 4 |  4.4
Dodging        | 1 |  1.7
Armour         | 4 |  4.2
Shields        | 4 |  4.4
Maces & Flails | 3 |  3.6

Action                   |  1- 3 |  4- 6 || total
-------------------------+-------+-------++-------
Melee: Flail             |    94 |    37 ||   131
       Headbutt          |    17 |     7 ||    24
  Eat: Ration            |     1 |       ||     1
Armor: Scale mail        |    52 |    13 ||    65
Dodge: Dodged            |    36 |    25 ||    61
Block: Shield            |    48 |    31 ||    79

Table legend:
 A = Non-vault XP
 B = Vault XP
 C = Vault XP percentage of total XP
 D = Non-vault monster count
 E = Vault monster count
 F = Vault count percentage of total count
                 A         B        C        D         E       F
            +---------+---------+-------+---------+---------+-------
      Total |     174 |       0 |   0.0 |      53 |       0 |   0.0
            +---------+---------+-------+---------+---------+-------
        D:1 |      52 |       0 |   0.0 |      26 |       0 |   0.0
        D:2 |      68 |       0 |   0.0 |      18 |       0 |   0.0
        D:3 |      54 |       0 |   0.0 |       9 |       0 |   0.0
            +---------+---------+-------+---------+---------+-------
